 Dungeon Crawl Stone Soup version 0.29.1-13-g9f3cf754e1 (webtiles) character file.

Game seed: 7411670055714994500

8 thatblackman the Chopper (level 2, 0/17 HPs)
             Began as a Gargoyle Gladiator on Jan 21, 2023.
             Slain by an endoplasm (2 damage)
             ... on level 2 of the Dungeon.
             The game lasted 00:04:06 (451 turns).

thatblackman the Chopper (Gargoyle Gladiator)        Turns: 451, Time: 00:04:08

Health: 0/17       AC:  6    Str: 17    XL:     2   Next: 8%
Magic:  2/2        EV: 12    Int:  8    God:
Gold:   16         SH:  0    Dex: 11    Spells: 1/1 levels left

rFire   . . .      SeeInvis .   a - +0 war axe
rCold   . . .      Faith    .   (no shield)
rNeg    + . .      Spirit   .   b - +0 leather armour
rPois   ∞          Reflect  .   c - +0 helmet
rElec   +          Harm     .   (no cloak)
rCorr   .          Rampage  .   (no gloves)
Will    .....                   (no boots)
Stlth   +.........              (no amulet)
HPRegen 0.05/turn               (no ring)
MPRegen 0.08/turn               (no ring)

@: no status effects
A: sickness immunity, AC +2, negative energy resistance 1, electricity
resistance, torment resistance 1, petrification resistance
a: no special abilities


You were on level 2 of the Dungeon.
You visited 1 branch of the dungeon, and saw 2 of its levels.

You collected 16 gold pieces.

Inventory:

Hand Weapons
 a - a +0 war axe (weapon)
Missiles
 e - a javelin
 i - a throwing net (quivered)
Armour
 b - a +0 leather armour (worn)
 c - a +0 helmet (worn)
 f - a +0 robe
Scrolls
 j - 3 scrolls of identify {unknown}
Potions
 d - a potion of curing {unknown}
 h - a potion of lignification {unknown}


   Skills:
 + Level 2.2 Fighting
 + Level 2.8 Axes
 + Level 1.9 Throwing
 + Level 2.7 Dodging


You had one spell level left.
You didn't know any spells.
Your spell library was empty.

Dungeon Overview and Level Annotations

Branches:
Dungeon (2/15)

Altars:


Innate Abilities, Weirdness & Mutations

You are immune to sickness and miasma.
Your stone body is resilient. (AC +2)
You are immune to poison.
You resist negative energy. (rN+)
You are resistant to electric shocks. (rElec)
You are resistant to unholy torment.
You are immune to petrification.


Message History

The bat misses you. The bat hits you but does no damage.
You barely miss the bat. The bat misses you. The bat hits you.
The bat hits you but does no damage. The bat closely misses you.
The bat hits you but does no damage.
Found an escape hatch in the floor.
The bat hits you but does no damage. The bat hits you but does no damage.
There is a stone staircase leading down here.
The bat closely misses you.
You climb downwards.
Found a pink potion.
There is a stone staircase leading up here.
The endoplasm jiggles.
A hobgoblin comes into view.
The endoplasm attacks as you move away! The endoplasm misses you.
The endoplasm misses you.
The hobgoblin hits you but does no damage.
The hobgoblin barely misses you. The hobgoblin attacks as you move away!
The hobgoblin misses you. The hobgoblin attacks as you move away!
The hobgoblin misses you. The hobgoblin attacks as you move away!
The hobgoblin hits you. The hobgoblin attacks as you move away!
The hobgoblin hits you.
Found a puce potion.
Throw: 2 throwing nets
Press: ? - help, Q - select action, (/) - cycle Shift-Dir - straight line, f - hobgoblin
Aim: a hobgoblin (56% to hit)
You throw a throwing net. The throwing net hits the hobgoblin.
The hobgoblin is caught in the net!
The air fills with toxic fumes!
As you read the scroll labelled ROLISMEIGHI, it crumbles to dust.
It was a scroll of poison.
The hobgoblin struggles against the net.
You slash the hobgoblin!
You kill the hobgoblin!
You barely miss the endoplasm. The endoplasm freezes you.
You are frozen.
* * * LOW HITPOINT WARNING * * *
The endoplasm hits you.
You die...

#§ #§
##§##
§§§# #§§#
#§§# #§§#
######§@#
§§§§§§J(#
#######.#
#§# #§#
#§# #§#
#§# ##.#


You could see an endoplasm.

Vanquished Creatures
  2 ball pythons (D:1)
  An endoplasm (D:1)
  A goblin (D:1)
  2 hobgoblins
  2 frilled lizards (D:1)
  A kobold (D:1)
9 creatures vanquished.

Notes
Turn   | Place    | Note
-------+----------+-------------------------------------------
     0 | D:1      | thatblackman the Gargoyle Gladiator began the quest for the
                  | Orb.
     0 | D:1      | Reached XP level 1. HP: 12/12 MP: 1/1
   271 | D:1      | Reached XP level 2. HP: 10/17 MP: 2/2
   451 | D:2      | Slain by an endoplasm

Illustrated notes

Levels and vault maps discovered:
D:1:      noname_arrival_rooms_in_the_neighbourhood, layout_rooms,
          basic_ecumenical_altar, chequers_serial_rivers_small_b,
          minmay_misc_feat_nine_boxes
D:2:      layout_loops_ring

Action                   || total
-------------------------++-------
Melee: War axe           ||    26
Throw: Throwing net      ||     5
       Javelin           ||     3
  Use: Scroll            ||     3
Armor: Leather armour    ||    33
Dodge: Dodged            ||    46
